 Dungeon Crawl Stone Soup version 0.30-a0-989-g0d87f670db (webtiles) character file.

Game seed: 8634301410580571035

88 cforsyth the Trooper (level 4, -1/37 HPs)
             Began as a Formicid Fighter on Apr 3, 2023.
             Slain by a steam dragon (7 damage)
             ... on level 6 of the Dungeon.
             The game lasted 00:02:37 (2031 turns).

cforsyth the Trooper (Formicid Fighter)             Turns: 2031, Time: 00:02:38

Health: -1/37      AC:  9    Str: 22    XL:     4   Next: 81%
Magic:  4/4        EV: 12    Int:  8    God:
Gold:   71         SH:  5    Dex: 13    Spells: 3/3 levels left

rFire   . . .      SeeInvis +    a - +0 flail
rCold   . . .      Faith    .    c - +0 buckler
rNeg    . . .      Spirit   .    r - +0 chain mail
rPois   .          Reflect  .    (helmet unavailable)
rElec   .          Rampage  .    (no cloak)
rCorr   .                        (no gloves)
Will    .....                    (no boots) Stlth
                                 (no amulet)
HPRegen 0.26/turn                u - +5 ring of evasion
MPRegen 0.09/turn                (no ring)

@: lethally poisoned (-1 -> -3)
A: permanent stasis, dig shafts and tunnels, antennae 3, four strong arms
a: Dig, Shaft Self


You were on level 6 of the Dungeon.
You visited 1 branch of the dungeon, and saw 4 of its levels.

You collected 71 gold pieces.

Inventory:

Hand Weapons
 a - a +0 flail (weapon)
Armour
 c - a +0 buckler (worn)
 r - a +0 chain mail (worn)
Jewellery
 u - a +5 ring of evasion (left hand)
Scrolls
 e - a scroll of fog {unknown}
 g - a scroll of immolation {unknown}
 j - 5 scrolls of teleportation {unknown}
 k - a scroll of brand weapon {unknown}
 o - 5 scrolls of identify {unknown}
 p - a scroll of magic mapping {unknown}
 q - a scroll of torment {unknown}
 s - a scroll of vulnerability {unknown}
Potions
 d - 2 potions of might
 f - a potion of lignification {unknown}
 h - a potion of haste {unknown}
 i - a potion of flight {unknown}
 m - a potion of curing {unknown}
 n - 2 potions of degeneration {unknown}
 t - a potion of magic {unknown}


   Skills:
 + Level 4.2 Fighting
 * Level 3.9 Maces & Flails
 - Level 3.2 Armour
 - Level 4.0 Shields


You had 3 spell levels left.
You didn't know any spells.
Your spell library contained the following spells:

 Spells                   Type           Power      Damage    Failure   Level
 Ensorcelled Hibernation  Hex/Ice        0%         N/A       100%        2
 Spider Form              Tmut/Pois      0%         N/A       100%        3
 Anguish                  Hex/Necr       0%         N/A       100%        4


Dungeon Overview and Level Annotations

Branches:
Dungeon (3/15)

Altars:


Innate Abilities, Weirdness & Mutations

You cannot be hasted, slowed, berserked, paralysed or teleported.
You can dig through walls and to a lower floor.
You have a pair of large antennae on your head. (SInv)
Your four strong arms can wield two-handed weapons with a shield.


Message History

Things that are here:
a +0 club; a kobold corpse A sourceless malevolence fills the Dungeon...
You fall into a shaft and drop 3 floors!
The shaft crumbles and collapses.
Found a scroll labelled TUOQUMMYARR.
Found a trident.
o - 5 scrolls labelled TUOQUMMYARR (gained 1)
You sense a monster nearby.
Okay, then.
Unknown command.
A gnoll sergeant comes into view. It is wielding a +5 spear of venom.
Found a scroll labelled ITEKOUVAIDD.
The gnoll sergeant shouts!
You hear a shout! x2
A gnoll comes into view. It is wielding a +0 whip.
A gnoll comes into view. It is wielding a +0 flail.
The gnoll sergeant hits you from afar with a +5 spear of venom!
You are poisoned.
You feel very sick.
You feel very sick.
Found a stone staircase leading up.
You feel very sick.
You feel sick.
A gnoll comes into view. It is wielding a +0 halberd.
You feel sick.
A steam dragon comes into view.
You feel sick.
The steam dragon hisses angrily.
A scorpion comes into view.
The gnoll barely misses you.
You feel sick.
The gnoll hits you from afar with a +0 halberd.
* * * LOW HITPOINT WARNING * * *
An iguana comes into view.
You feel sick.
The iguana hisses angrily.
You feel sick.
The gnoll shouts!
The steam dragon bites you!
You die...

###### #....# #....#
#.)..###########
#.....#........###
####........gg......#
........##...g..@D#..#
........####.....s..l...
...........#............
..........g..?.....#.#.#
........###........# ...
..........##.......# ..
........#.##.......# .
#########..........# #.


You could see a steam dragon, a gnoll sergeant, a scorpion, an iguana and 3
gnolls.

Vanquished Creatures
  Terence (D:2)
  2 adders (D:2)
  A dart slug (D:1)
  3 endoplasms (D:1)
  5 giant cockroaches
  4 goblins (D:1)
  3 hobgoblins (D:1)
  4 jackals (D:1)
  3 kobolds
  2 quokkas
  3 ball pythons
  3 bats
  4 frilled lizards (D:1)
  2 rats (D:2)
40 creatures vanquished.

Notes
Turn   | Place    | Note
-------+----------+-------------------------------------------
     0 | D:1      | cforsyth the Formicid Fighter began the quest for the Orb.
     0 | D:1      | Reached XP level 1. HP: 18/18 MP: 1/1
    63 | D:1      | Reached XP level 2. HP: 24/24 MP: 2/2
   317 | D:1      | Reached XP level 3. HP: 30/30 MP: 3/3
   942 | D:2      | Noticed Terence
   950 | D:2      | Killed Terence
   951 | D:2      | Reached XP level 4. HP: 33/37 MP: 4/4
  1184 | D:2      | Found a faded altar of an unknown god.
  2002 | D:3      | You fall into a shaft and drop 3 floors!
  2017 | D:6      | Noticed a gnoll sergeant
  2028 | D:6      | Noticed a steam dragon
  2028 | D:6      | Noticed a scorpion
  2031 | D:6      | Slain by a steam dragon

Illustrated notes

Levels and vault maps discovered:
D:1:      mrwooster_arrival_statue, layout_loops_ring, minmay_octomino_e4
D:2:      layout_basic, shapermc_ecumenical_altar_mp_urbaneastern,
          minmay_misc_feat_rows, hangedman_decor_growths, uniq_terence
D:3:      layout_loops_corners, lightli_temple_of_fire,
          nicolae_qazlal_eye_of_the_storm
D:6:      layout_rooms, grunt_tough_drop

Skill      XL: |  1  2  3 |
---------------+----------+-----
Maces & Flails | 3 |  3.9
Fighting       | 4 |  4.2
Armour         | |  3.2
Shields        | |  4.0

Action                     |  1- 3 |  4- 6 || total
---------------------------+-------+-------++-------
  Melee: Flail             |    73 |    23 ||    96
 Armour: Scale mail        |    30 |     2 ||    32
         Chain mail        |       |     6 ||     6
  Dodge: Dodged            |    33 |     8 ||    41
  Block: Buckler           |    18 |     6 ||    24

Table legend: (Time is in decaauts)
 A = Elapsed time spent in this place.
 B = Non-inter-level travel time spent in this place.
 C = Inter-level travel time spent in this place.
 D = Time resting spent in this place.
 E = Time spent auto-exploring this place.
 F = Levels seen in this place.
 G = Mean time per level.
                   A        B        C        D        E       F      G
               +--------+--------+--------+--------+--------+-----+--------+
         Total |   2055 |   1985 |     70 |      0 |   1679 |   4 |  513.8 |
       Dungeon |   2055 |   1985 |     70 |      0 |   1679 |   4 |  513.8 |
               +--------+--------+--------+--------+--------+-----+--------+

Top non-repeatable levels by time:
     D:2: 960 daAuts
     D:1: 942 daAuts
     D:3: 123 daAuts
     D:6: 28 daAuts
